 Dungeon Crawl Stone Soup version 0.30-a0-1114-gd936c97349 (webtiles) character file.

Game seed: 111634948058791914

1052 hwolsky the Chopper (level 8, -4/70 HPs)
             Began as a Minotaur Fighter on Apr 20, 2023.
             Slain by a gnoll
             ... wielding a +2 heavy spear
             ... led by a gnoll bouda
              (12 damage)
             ... on level 6 of the Dungeon.
             The game lasted 00:10:52 (4363 turns).

hwolsky the Chopper (Minotaur Fighter)              Turns: 4363, Time: 00:10:52

Health: -4/70      AC:  9    Str: 23    XL:     8   Next: 5%
Magic:  7/7        EV: 10    Int:  5    God:
Gold:   228        SH:  6    Dex: 10    Spells: 7/7 levels left

rFire   . . .      SeeInvis .    a - +1 war axe (drain)
rCold   . . .      Faith    .    c - +1 buckler
rNeg    + . .      Spirit   .    p - +2 ring mail {rN+}
rPois   .          Reflect  .    (helmet restricted)
rElec   .          Rampage  .    u - +0 cloak
rCorr   .                        (no gloves)
Will    .....                    (no boots) Stlth
                                 (no amulet)
HPRegen 0.31/turn                (no ring)
MPRegen 0.10/turn                (no ring)

@: no status effects
A: horns 2, retaliatory headbutt
a: no special abilities


You were on level 6 of the Dungeon.
You visited 2 branches of the dungeon, and saw 7 of its levels.
You also visited: Sewer.

You collected 228 gold pieces.

Inventory:

Hand Weapons
 a - a +1 war axe of draining (weapon)
Missiles
 j - 4 boomerangs (quivered)
Armour
 c - a +1 buckler (worn)
 p - a +2 ring mail of positive energy (worn)
 u - a +0 cloak (worn)
Wands
 g - a wand of flame (27)
Scrolls
 i - 2 scrolls of fog
 n - 2 scrolls of teleportation
 t - a scroll of magic mapping
Potions
 b - a potion of berserk rage {unknown}
 d - 3 potions of might
 e - 8 potions of curing
 f - 2 potions of resistance
 h - 5 potions of flight
 k - 6 potions of lignification
 l - a potion of degeneration
 m - a potion of mutation {unknown}
 o - a potion of heal wounds
 q - a potion of attraction {unknown}
 r - a potion of invisibility {unknown}
 s - a potion of cancellation {unknown}


   Skills:
 + Level 6.2 Fighting
 * Level 7.5 Axes
 + Level 6.1 Armour
 + Level 6.1 Shields


You had 7 spell levels left.
You didn't know any spells.
Your spell library contained the following spells:

 Spells                   Type           Power      Damage    Failure   Level
 Necrotise                Necr           0%         1d4       71%         1
 Vampiric Draining        Necr           0%         2d6       97%         3
 Agony                    Necr           0%         N/A       100%        5


Dungeon Overview and Level Annotations

Branches:
Dungeon (6/15)             Temple (1/1) D:4           Sewer (visited)

Altars:
Ashenzari
Cheibriados
Dithmenos
Elyvilon
Kikubaaqudgha
Makhleb
Nemelex Xobeh
Sif Muna
Trog
Uskayaw
Vehumet
Wu Jian
Xom
Yredelemnul
Zin

Shops:
D:1 (


Innate Abilities, Weirdness & Mutations

You have a pair of horns on your head.
You reflexively headbutt those who attack you in melee.


Message History

You block the gnoll's attack. The gnoll misses you.
The gnoll hits you with a +0 spear. The gnoll closely misses you.
You hit the gnoll.
The gnoll is moderately wounded.
The gnoll is no longer moving quickly.
The gnoll barely misses you. x2
You furiously retaliate!
You headbutt the gnoll. The gnoll closely misses you.
You closely miss the gnoll. You headbutt the gnoll.
You kill the gnoll!
The gnoll is no longer moving quickly.
You block the gnoll's attack.
You miss the hound. The hound barely misses you.
The gnoll hits you from afar with a +2 heavy spear.
You block the gnoll's attack. The hound closely misses you.
You slash the hound! You drain the hound.
The hound is severely wounded.
You block the hound's attack. The gnoll misses you.
The gnoll hits you but does no damage. The hound closely misses you.
You barely miss the hound.
The hound is severely wounded.
The hound bites you but does no damage.
The gnoll hits you from afar with a +0 halberd!
The gnoll hits you from afar with a +2 heavy spear.
The hound closely misses you. You furiously retaliate!
You headbutt the hound!
You kill the hound!
The gnoll hits you from afar with a +0 halberd!
You miss the adder. You block the adder's attack. The gnoll closely misses you.
The gnoll hits you from afar with a +2 heavy spear.
You closely miss the adder. The adder bites you but does no damage.
The gnoll hits you from afar with a +0 halberd!
* * * LOW HITPOINT WARNING * * *
The adder closely misses you. You furiously retaliate!
You headbutt the adder! You closely miss the adder.
Your headbutt misses the adder.
The adder is almost dead.
The gnoll is no longer moving quickly.
The gnoll misses you. The adder misses you.
The gnoll hits you from afar with a +0 halberd!
* * * LOW HITPOINT WARNING * * *
You hit the adder.
You kill the adder!
The gnoll hits you from afar with a +2 heavy spear!
You die... #.# # #.# # .##.##. ..... #...# .gg

#)# #@#
#)# #.#
#####.###
#.......#
#.#####.#
#.# .#
#.# # #.#


You could see 2 gnolls.

Vanquished Creatures
  2 black bears (D:5)
  An ogre (D:5)
  A centaur (D:5)
  A phantom (D:5)
  2 kobold brigands
  A gnoll bouda (D:6)
  2 hounds
  A sleepcap (D:4)
  Crazy Yiuf (D:5)
  3 iguanas
  3 gnolls (D:6)
  2 river rats
  10 adders
  3 ufetubi
  3 worms (D:3)
  4 dart slugs
  9 ball pythons
  3 bats
  6 endoplasms
  5 giant cockroaches
  4 goblins
  6 hobgoblins
  15 jackals
  6 quokkas
  2 frilled lizards
  14 kobolds
  36 rats
146 creatures vanquished.

Vanquished Creatures (others)
  5 fungi (D:5)
5 creatures vanquished.

Grand Total: 151 creatures vanquished

Notes
Turn   | Place    | Note
-------+----------+-------------------------------------------
     0 | D:1      | hwolsky the Minotaur Fighter began the quest for the Orb.
     0 | D:1      | Reached XP level 1. HP: 19/19 MP: 0/0
   105 | D:1      | Reached XP level 2. HP: 26/27 MP: 1/1
   175 | D:1      | Reached skill level 3 in Axes
   286 | D:1      | Found a faded altar of an unknown god.
   524 | D:1      | Found Difaethe's Antique Weapon Boutique.
   530 | D:1      | Reached XP level 3. HP: 32/33 MP: 2/2
  1033 | D:2      | Reached XP level 4. HP: 40/40 MP: 3/3
  1435 | D:3      | Reached skill level 4 in Axes
  1611 | D:3      | Reached XP level 5. HP: 40/47 MP: 4/4
  1993 | D:3      | Found a glowing drain.
  2011 | Sewer    | Entered a sewer
  2111 | Sewer    | Reached skill level 5 in Axes
  2132 | Sewer    | Found a glowing silver altar of Zin.
  2490 | D:4      | Reached XP level 6. HP: 34/55 MP: 5/5
  2693 | D:4      | Reached skill level 5 in Fighting
  2701 | D:4      | Reached skill level 5 in Shields
  2724 | D:4      | Found a staircase to the Ecumenical Temple.
  2730 | D:4      | Reached skill level 5 in Armour
  2757 | Temple   | Entered the Ecumenical Temple
  3169 | D:4      | Found an ornate altar of the Wu Jian Council.
  3246 | D:4      | Noticed a spectral centipede
  3246 | D:4      | Noticed a spectral black mamba
  3246 | D:4      | Noticed a spectral cane toad
  3297 | D:5      | Entered Level 5 of the Dungeon
  3335 | D:5      | Found a hide-covered altar of Uskayaw.
  3343 | D:5      | Reached skill level 6 in Axes
  3343 | D:5      | Reached XP level 7. HP: 56/61 MP: 6/6
  3889 | D:5      | Reached skill level 7 in Axes
  4120 | D:5      | Found a runed translucent door.
  4121 | D:5      | Noticed Crazy Yiuf
  4126 | D:5      | Killed Crazy Yiuf
  4353 | D:6      | Reached XP level 8. HP: 57/70 MP: 7/7
  4363 | D:6      | Slain by a gnoll

Illustrated notes

Levels and vault maps discovered:
D:1:      dpeg_arrival_court, layout_basic, dreamdust_ecumenical_altar_statues,
          serial_shops, shop
D:2:      layout_rooms
D:3:      layout_basic, portal_sewer_entry_b, grunt_ministairs_13,
          palyth_stone_intersect, minmay_fractal_squares_5
D:4:      layout_cave_pools, pdpol_wu_jian_five_deadly_venoms,
          minmay_temple_entry_statues_pillars, minmay_rat_hole
D:5:      layout_loops_cross, mainiacjoe_overflow_paths, uniq_crazy_yiuf_cottage
D:6:      layout_basic, grunt_qazlal_clouds, kennysheep_small_spiral,
          hex_intersection, uniq_blork_the_orc
Temple:   nicolae_temple_bog_church

Skill      XL: |  1  2  3  4  5  6  7 |
---------------+----------------------+-----
Axes           | 3 4 5 6 7 |  7.5
Fighting       | 4 5 6 |  6.2
Armour         | 4 5 6 |  6.1
Shields        | 4 5 6 |  6.1

Action                     |  1- 3 |  4- 6 |  7- 9 || total
---------------------------+-------+-------+-------++-------
  Melee: War axe           |    67 |   134 |    67 ||   268
         Headbutt          |     9 |    20 |    15 ||    44
    Use: Scroll            |     7 |     9 |     2 ||    18
         Potion            |       |       |     1 ||     1
 Armour: Scale mail        |    44 |    47 |       ||    91
         Ring mail         |       |    11 |    19 ||    30
  Dodge: Dodged            |    35 |    87 |    41 ||   163
  Block: Buckler           |    16 |    50 |    18 ||    84

Table legend: (Time is in decaauts)
 A = Elapsed time spent in this place.
 B = Non-inter-level travel time spent in this place.
 C = Inter-level travel time spent in this place.
 D = Time resting spent in this place.
 E = Time spent auto-exploring this place.
 F = Levels seen in this place.
 G = Mean time per level.
                   A        B        C        D        E       F      G
               +--------+--------+--------+--------+--------+-----+--------+
         Total |   4485 |   4206 |    279 |    200 |   2633 |   8 |  560.6 |
       Dungeon |   4002 |   3741 |    261 |    100 |   2356 |   6 |  667.0 |
        Temple |    187 |    169 |     18 |      0 |    158 |   1 |  187.0 |
         Sewer |    296 |    296 |      0 |    100 |    119 |   1 |  296.0 |
               +--------+--------+--------+--------+--------+-----+--------+

Top non-repeatable levels by time:
     D:5: 912 daAuts
     D:3: 848 daAuts
     D:1: 825 daAuts
     D:2: 694 daAuts
     D:4: 675 daAuts
   Sewer: 296 daAuts
  Temple: 187 daAuts
     D:6: 45 daAuts
